 Dungeon Crawl Stone Soup version 0.29.0-15-g675c0067aa (webtiles) character file.

Game seed: 7703308478945622133

65 groovy9 the Chopper (level 4, -4/39 HPs)
             Began as a Hill Orc Fighter on Sept 11, 2022.
             Killed by divine providence
             ... invoked by an orc priest
              (12 damage)
             ... on level 3 of the Dungeon.
             The game lasted 00:03:58 (2010 turns).

groovy9 the Chopper (Hill Orc Fighter)              Turns: 2010, Time: 00:03:58

Health: -4/39      AC: 11    Str: 20    XL:     4   Next: 14%
Magic:  4/4        EV:  9    Int: 14    God:
Gold:   65         SH:  4    Dex: 10    Spells: 3/3 levels left

rFire   . . .      SeeInvis .   a - +1 war axe
rCold   . . .      Faith    .   c - +0 buckler
rNeg    . . .      Spirit   .   b - +0 scale mail
rPois   .          Reflect  .   m - +0 helmet
rElec   .          Harm     .   (no cloak)
rCorr   .          Rampage  .   n - +2 pair of gloves
Will    .....                   (no boots)
Stlth   ..........              (no amulet)
HPRegen 0.13/turn               k - +6 ring of intelligence
MPRegen 0.09/turn               (no ring)

@: mighty
A: no striking features
a: Convert to Beogh


You were on level 3 of the Dungeon.
You visited 1 branch of the dungeon, and saw 3 of its levels.

You collected 65 gold pieces.

Inventory:

Hand Weapons
 a - a +1 war axe (weapon)
 e - a +1 morningstar of protection
Missiles
 f - 6 boomerangs (quivered)
Armour
 b - a +0 scale mail (worn)
 c - a +0 buckler (worn)
 m - a +0 helmet (worn)
 n - a +2 pair of gloves (worn)
Jewellery
 k - a +6 ring of intelligence (left hand)
Scrolls
 h - a scroll of vulnerability
 l - a scroll of identify
Potions
 g - 2 potions of magic {unknown}


   Skills:
 - Level 3.6 Fighting
 + Level 5.7 Axes
 - Level 3.2 Armour
 - Level 3.2 Shields


You had 3 spell levels left.
You didn't know any spells.
Your spell library was empty.

Dungeon Overview and Level Annotations

Branches:
Dungeon (3/15)

Altars:

Shops:
D:1 =


Message History

An orc priest comes into view. It is wielding a +0 hand axe.
The orc priest shouts, "Join the one true god or die!" (press Y on the ability menu to convert to Beogh)
You slash the rat!
You kill the rat!
A hobgoblin comes into view.
The hobgoblin moves out of view.
Things that are here:
a +0 trident; a rat corpse; an orc corpse The orc priest invokes the aid of Beogh against you.
Beogh smites you!
You hear a shout!
You are too injured to fight recklessly!
You are too injured to fight recklessly!
You are too injured to fight recklessly!
You are too injured to fight recklessly!
You are too injured to fight recklessly!
You are too injured to fight recklessly!
You are too injured to fight recklessly!
You are too injured to fight recklessly!
You are too injured to fight recklessly!
You are too injured to fight recklessly!
You are too injured to fight recklessly!
You are too injured to fight recklessly!
You are too injured to fight recklessly!
You are too injured to fight recklessly!
You closely miss the orc priest.
The orc priest calls down the wrath of Beogh upon you.
Beogh smites you!
* * * LOW HITPOINT WARNING * * *
You hit the orc priest.
The orc priest shouts, "Beogh is our master!
Accept the truth or die!"
The orc priest is heavily wounded.
The orc priest hits you with a +0 hand axe.
* * * LOW HITPOINT WARNING * * *
Okay, then.
You feel very mighty all of a sudden.
The orc priest mumbles some strange prayers to Beogh against you.
Beogh smites you!
You die...

.................#
################.#
...... #.# ......
#.# ...... #.#
...... #)# #####.
#.# ....# #)#
###.# #@# ###.#
#o# #...# .g.
#.###.##.. .....
.......... ......'
#.#####...
.......## #'####
........# .....#
.........# .....#


You could see an orc priest and a hobgoblin.

Vanquished Creatures
  An adder (D:2)
  2 worms (D:3)
  A dart slug (D:1)
  2 orcs (D:3)
  5 endoplasms
  3 giant cockroaches (D:2)
  4 goblins
  2 hobgoblins
  3 quokkas
  5 ball pythons
  2 bats (D:1)
  3 frilled lizards
  5 kobolds
  8 rats
46 creatures vanquished.

Notes
Turn   | Place    | Note
-------+----------+-------------------------------------------
     0 | D:1      | groovy9 the Hill Orc Fighter began the quest for the Orb.
     0 | D:1      | Reached XP level 1. HP: 19/19 MP: 1/1
    89 | D:1      | Reached skill level 3 in Axes
   176 | D:1      | Found Qettuwk's Jewellery Emporium.
   559 | D:1      | Reached XP level 2. HP: 24/26 MP: 2/2
   738 | D:1      | Reached skill level 4 in Axes
   747 | D:1      | Found a faded altar of an unknown god.
   838 | D:2      | Reached XP level 3. HP: 30/31 MP: 3/3
  1271 | D:2      | Reached skill level 5 in Axes
  1868 | D:3      | Reached XP level 4. HP: 32/39 MP: 4/4
  2010 | D:3      | Killed from afar by an orc priest

Illustrated notes

Levels and vault maps discovered:
D:1:      onia_arrival_pentagram, layout_basic, serial_shops, shop,
          basic_ecumenical_altar, serial_park_tiny_1, minmay_tromino_i2
D:2:      layout_loops_cross
D:3:      layout_basic, uniq_terence, uniq_ijyb

Skill      XL: |  1  2  3 |
---------------+----------+-----
Axes           | 3 4 5 |  5.7
Fighting       | |  3.6
Armour         | |  3.2
Shields        | |  3.2

Action                   |  1- 3 |  4- 6 || total
-------------------------+-------+-------++-------
Melee: War axe           |    97 |    12 ||   109
  Use: Scroll            |     7 |       ||     7
       Potion            |       |     1 ||     1
Armor: Scale mail        |    37 |     4 ||    41
Dodge: Dodged            |    38 |     3 ||    41
Block: Buckler           |    18 |     1 ||    19
